 Dungeon Crawl Stone Soup version 0.31.0-9-g3a7656b989 (webtiles) character file.

Game seed: 10050502972079513996

88 qw the Shooter (level 4, -2/22 HPs)
             Began as a Spriggan Hunter on Feb 2, 2024.
             Slain by Robin
             ... wielding a +0 club
              (4 damage)
             ... on level 2 of the Dungeon.
             The game lasted 00:00:04 (995 turns).

qw the Shooter (Spriggan Hunter)                     Turns: 995, Time: 00:00:05

Health: -2/22      AC:  2    Str:  7    XL:     4   Next: 29%
Magic:  5/5        EV: 20    Int: 10    God:
Gold:   97         SH:  0    Dex: 20    Spells: 3/3 levels left

rFire   . . .        a - +0 shortbow
rCold   . . .        (shield currently unavailable)
rNeg    . . .        c - +0 robe
rPois   .            (helmet restricted)
rElec   .            (no cloak)
rCorr   .            (gloves unavailable)
SInv    +            (boots unavailable)
Will    .....        (no amulet)
Stlth   ++           (no ring)
HPRegen 0.23/turn    (no ring)
MPRegen 0.09/turn

%: no passive effects
@: very quick
A: very small, no large weapons, unfitting armour, see invisible, speed 3
a: no special abilities


You were on level 2 of the Dungeon.
You visited 1 branch of the dungeon, and saw 2 of its levels.

You collected 97 gold pieces.


Innate Abilities, Weirdness & Mutations

You are very small and have problems with some larger weapons.
You are too small for most types of armour.
You have supernaturally acute eyesight. (SInv)
You cover ground extremely quickly. (Speed+++)


   Skills:
 - Level 1.5 Fighting
 - Level 5.0 Ranged Weapons
 + Level 4.6 Dodging
 - Level 1.5 Stealth


You had 3 spell levels left.
You didn't know any spells.
Your spell library was empty.

Inventory:

Hand Weapons
 a - a +0 shortbow (weapon)
Armour
 c - a +0 robe (worn)
Jewellery
 b - a ring of positive energy
Scrolls
 e - a scroll of torment {unknown}
 f - a scroll of teleportation {unknown}
 g - a scroll of fear {unknown}
 h - 2 scrolls of amnesia {unknown}
 i - a scroll of noise {unknown}
Potions
 d - a potion of degeneration {unknown}

Dungeon Overview and Level Annotations

Branches:
Dungeon (2/15)

Altars:

Annotations:
D:2 Robin


Message History

You shoot an arrow. The arrow hits Robin.
Robin is moderately wounded.
Robin says, "Kneel, worm!"
Robin hits you with a +0 club.
The goblin shoots a sling bullet.
The sling bullet barely misses you. Robin hits you with a +0 club.
You shoot an arrow. The arrow hits Robin.
Robin is heavily wounded.
The goblin shoots a sling bullet.
The sling bullet hits you. Robin hits you with a +0 club.
You shoot an arrow. The arrow hits the goblin!
You kill the goblin!
Robin closely misses you.
The goblin unwields a +0 dagger.
The goblin wields a +0 sling.
The goblin shoots a sling bullet.
The sling bullet closely misses you.
You shoot an arrow. The arrow hits Robin.
Robin is heavily wounded.
Robin roars a battlecry!
The goblins go into a battle-frenzy!
The goblin shoots a sling bullet.
The sling bullet misses you.
You shoot an arrow. The arrow hits Robin.
Robin is severely wounded.
Robin hits you with a +0 club.
The goblin shoots a sling bullet.
The sling bullet barely misses you.
You shoot an arrow.
The arrow hits Robin but does no damage.
Robin is severely wounded.
Robin hits you with a +0 club.
The goblin shoots a sling bullet.
The sling bullet hits you.
You shoot an arrow.
The arrow hits Robin but does no damage.
Robin is severely wounded.
Robin hits you with a +0 club.
The goblin shoots a sling bullet.
The sling bullet barely misses you. Robin barely misses you.
You shoot an arrow.
The arrow hits Robin but does no damage.
Robin is severely wounded.
The goblin shoots a sling bullet.
The sling bullet misses you. Robin hits you with a +0 club.
You die...
Robin says, "And that's why I'm the boss."

## ### #. #.. #. #####.#
#. .....# .# #. #..## ..
#. ..#####g))##### #. #.
#.%gg))@......#####..##)
#######
##$g#####...#...........
......# ##.....########.
......# ##..#..........
......# ##.###.##.....
......# #.....#######
......# ##.......#
^.....###.#
.....#####.##
..........# ....# #..###


You could see Robin, a hobgoblin (strong) and 2 goblins.

Vanquished Creatures
  An adder (D:2)
  5 dart slugs
  A ribbon worm (D:2)
  2 ball pythons
  4 endoplasms (D:2)
  4 giant cockroaches
  8 goblins
  12 hobgoblins
  5 jackals (D:1)
  3 kobolds
  2 quokkas (D:1)
  4 bats
  3 frilled lizards (D:1)
  5 rats
59 creatures vanquished.

Notes
Turn   | Place    | Note
-------+----------+-------------------------------------------
     0 | D:1      | qw the Spriggan Hunter began the quest for the Orb.
     0 | D:1      | Reached XP level 1. HP: 10/10 MP: 2/2
     0 | D:1      | 0 ||| qw: Version: 0.3-a-155-g5e7d8dd
     0 | D:1      | 0 ||| qw: Game counter: 1124
     0 | D:1      | 0 ||| qw: Melee chars always use a shield: true
     0 | D:1      | 0 ||| qw: God list: Okawaru
     0 | D:1      | 0 ||| qw: Allow faded altars: false
     0 | D:1      | 0 ||| qw: Do Orc after clearing Dungeon:15 true
     0 | D:1      | 0 ||| qw: Do second Lair branch before Depths: true
     0 | D:1      | 0 ||| qw: Lair rune preference: random
     0 | D:1      | 0 ||| qw: Goals: Normal
     0 | D:1      | 0 ||| PLANNING D:1-11
    41 | D:1      | Reached skill level 3 in Dodging
    81 | D:1      | Reached XP level 2. HP: 7/14 MP: 3/3
   254 | D:1      | Reached XP level 3. HP: 18/18 MP: 4/4
   665 | D:1      | 665 ||| READING scroll labelled RAPHIM ADOPIOSH.
   665 | D:1      | 665 ||| IDENTIFYING golden potion
   666 | D:1      | 666 ||| READING scroll labelled PEMOWE QULLOSE.
   667 | D:1      | 667 ||| DROPPING scroll of butterflies.
   668 | D:1      | 668 ||| DROPPING potion of berserk rage.
   704 | D:2      | Found a faded altar of an unknown god.
   870 | D:2      | Reached skill level 5 in Ranged Weapons
   872 | D:2      | Reached XP level 4. HP: 22/22 MP: 5/5
   890 | D:2      | Identified the +9 dagger "Demonslayer" {flame, Will- Str+2
                  | Dex+3}
   981 | D:2      | Noticed Robin
   993 | D:2      | HP: 5/22 [Robin/+0 club (2)]
   993 | D:2      | HP: 2/22 [goblin/sling bullet[Robin] (3)]
   995 | D:2      | Slain by Robin

Levels and vault maps discovered:
D:1:      sevenhm_arrival_forest_fort_large_1, layout_rooms
D:2:      layout_rooms, shapermc_ecumenical_altar_rom_forum, uniq_robin

Skill      XL: |  1  2  3 |
---------------+----------+-----
Dodging        | 3 4 |  4.6
Ranged Weapons | 5 |  5.0
Fighting       | |  1.5
Stealth        | |  1.5

Action                     |  1- 3 |  4- 6 || total
---------------------------+-------+-------++-------
   Fire: Shortbow          |   120 |    45 ||   165
    Use: Scroll            |     2 |       ||     2
 Armour: Robe              |    16 |    12 ||    28
  Dodge: Dodged            |    39 |    19 ||    58

Table legend:
 A = Non-vault XP
 B = Vault XP
 C = Vault XP percentage of total XP
 D = Non-vault monster count
 E = Vault monster count
 F = Vault count percentage of total count
                 A         B        C        D         E       F
            +---------+---------+-------+---------+---------+-------
      Total |     110 |      16 |  12.7 |      49 |      10 |  16.9
            +---------+---------+-------+---------+---------+-------
        D:1 |      57 |       3 |   5.0 |      28 |       3 |   9.7
        D:2 |      53 |      13 |  19.7 |      21 |       7 |  25.0
            +---------+---------+-------+---------+---------+-------
